 Dungeon Crawl Stone Soup version 0.29-a0-234-g0dae59b3db (webtiles) character file.

Game seed: 12792657786870354617

18 domi the Magician (level 2, -2/19 HPs)
             Began as a Demonspawn Hedge Wizard on Mar 2, 2022.
             Killed from afar by Terence (10 damage)
             ... with a puff of flame
             ... on level 2 of the Dungeon.
             The game lasted 00:01:43 (785 turns).

domi the Magician (Demonspawn Hedge Wizard)          Turns: 785, Time: 00:01:43

Health: -2/19      AC:  2    Str: 10    XL:     2   Next: 48%
Magic:  3/6        EV: 12    Int: 15    God:
Gold:   88         SH:  0    Dex: 14    Spells: 6/7 levels left

rFire   . . .      SeeInvis .   e - +0 hunting sling
rCold   . . .      Faith    .   (no shield)
rNeg    . . .      Spirit   .   b - +0 robe
rPois   .          Reflect  .   c - +0 hat
rElec   .          Harm     .   (no cloak)
rCorr   .          Rampage  .   (no gloves)
Will    .....                   (no boots)
Stlth   +++.......              (no amulet)
HPRegen 0.06/turn               (no ring)
MPRegen 0.10/turn               (no ring)

@: no status effects
A: thin skeletal structure 1
a: no special abilities


You were on level 2 of the Dungeon.
You visited 1 branch of the dungeon, and saw 2 of its levels.

You collected 88 gold pieces.

Inventory:

Hand Weapons
 a - a +0 dagger
 e - a +0 hunting sling (weapon)
   (You found it on level 1 of the Dungeon)
Missiles
 f - 45 stones
Armour
 b - a +0 robe (worn)
 c - a +0 hat (worn)
Scrolls
 d - 3 scrolls of identify {unknown}
 g - a scroll of amnesia {unknown}
 h - a scroll of holy word {unknown}
 j - a scroll of noise {unknown}
Potions
 i - a potion of curing {unknown}
 k - a potion of haste {unknown}


   Skills:
 - Level 1.7 Dodging
 - Level 1.7 Stealth
 + Level 3.2 Spellcasting
 * Level 2.2 Conjurations
 - Level 1.0 Summonings
 - Level 0.8 Translocations


You had 6 spell levels left.
You knew the following spells:

 Your Spells              Type           Power      Damage    Failure   Level
z - Magic Dart            Conj           36%        1d4       8%          1

Your spell library contained the following spells:

 Spells                   Type           Power      Damage    Failure   Level
 Slow                     Hex            8%         N/A       21%         1
 Blink                    Tloc           10%        N/A       21%         2
 Call Imp                 Summ           5%         N/A       21%         2
 Conjure Flame            Conj/Fire      5%         6-21      36%         3
 Mephitic Cloud           Conj/Pois/Air  4%         N/A       41%         3


Dungeon Overview and Level Annotations

Branches:
Dungeon (2/15)

Altars:

Annotations:
D:2 Terence


Innate Abilities, Weirdness & Mutations

You have a somewhat thin skeletal structure. (Dex +2, Stealth+)


Message History

No target in view!
You see here a ball python corpse.
You see here a +0 hunting sling.
You enter the shallow water.
Moving in this stuff is going to be slow.
You enter the shallow water.
Moving in this stuff is going to be slow.
You enter the shallow water.
Moving in this stuff is going to be slow.
You enter the shallow water.
Moving in this stuff is going to be slow.
Done exploring.
Done exploring.
Done exploring.
Done exploring.
Done exploring.
(D) Dungeon
Where to? (? - help)
You enter the shallow water.
Moving in this stuff is going to be slow.
There is a stone staircase leading down here.
You climb downwards.
Found a scroll labelled LALEZI XYSMAE.
Found a stone staircase leading down.
There is a stone staircase leading up here.
A goblin comes into view. It is wielding a +0 club.
You see here a scroll labelled LALEZI XYSMAE.
A goblin is nearby!
A goblin is nearby!
A goblin is nearby!
You shoot a sling bullet. The sling bullet hits the goblin.
You kill the goblin!
No target in view!
No target in view!
No target in view!
d - 3 scrolls labelled LALEZI XYSMAE (gained 1)
A kobold comes into view. It is wielding a +0 club.
A kobold is nearby!
A kobold is nearby!
A kobold is nearby!
You shoot a sling bullet. The sling bullet hits the kobold.
You kill the kobold!
No target in view!
No target in view!
No target in view!
A goblin comes into view. It is wielding a +0 club.
A goblin is nearby!
A goblin is nearby!
A goblin is nearby!
You shoot a sling bullet. The goblin shouts!
The sling bullet hits the goblin.
You kill the goblin!
No target in view!
No target in view!
Things that are here:
a +0 club; a goblin corpse
Things that are here:
a +0 club; a kobold corpse
Things that are here:
a +0 club; a goblin corpse
Found a stone staircase leading up.
No target in view!
No target in view!
No target in view!
Found a stone staircase leading down.
You now have 79 gold pieces (gained 9).
There is a stone staircase leading down here.
You now have 88 gold pieces (gained 9).
Found a stone staircase leading up.
k - a murky red potion No target in view!
No target in view!
No target in view!
Terence the Incautious comes into view.
He is wielding a +0 hand axe and carrying a wand of flame (5).
You shoot a sling bullet.
The sling bullet hits Terence but does no damage.
Terence zaps a wand.
The puff of flame hits you!
Ouch! That really hurt!
You take 12 damage, and have 7/19 hp.
MASSIVE DAMAGE!!
You are too injured to fight recklessly!
Unknown command.
You aren't carrying any items that you can evoke.
Aim: Terence, wielding a +0 hand axe, wearing a +0 scale mail and carrying a wand of flame (4) (100% to hit)
The magic dart hits Terence but does no damage.
You now have 5/6 mp.
Aim: Terence, wielding a +0 hand axe, wearing a +0 scale mail and carrying a wand of flame (4) (100% to hit)
The magic dart hits Terence.
Aim: Terence, wielding a +0 hand axe, wearing a +0 scale mail and carrying a wand of flame (4) (lightly wounded, 100% to hit)
The magic dart hits Terence but does no damage.
Terence says, "You're history."
You now have 3/6 mp.
Aim: Terence, wielding a +0 hand axe, wearing a +0 scale mail and carrying a wand of flame (4) (lightly wounded, 100% to hit)
The magic dart hits Terence but does no damage.
You now have 2/6 mp.
Terence zaps a wand.
The puff of flame hits you!
Ouch! That really hurt!
You die...

#...#
##........
#..<#
#.......##
##### #.###..##
##.###..###...
##..##.........
#..###.########
#####.####.#
#.....###..#
#..####@.@.## #
#..#### #.## #.
#. #. .. .#


You could see Terence.

Vanquished Creatures
  An endoplasm (D:1)
  2 giant cockroaches (D:1)
  A hobgoblin (D:1)
  2 ball pythons (D:1)
  A bat (D:1)
  A frilled lizard (D:1)
  4 goblins
  4 kobolds
  2 rats (D:1)
18 creatures vanquished.

Notes
Turn   | Place    | Note
-------+----------+-------------------------------------------
     0 | D:1      | domi the Demonspawn Hedge Wizard began the quest for the
                  | Orb.
     0 | D:1      | Reached XP level 1. HP: 13/13 MP: 4/4
   382 | D:1      | Gained mutation: You have a somewhat thin skeletal
                  | structure. (Dex +2, Stealth+) [demonic ancestry]
   382 | D:1      | Reached XP level 2. HP: 19/19 MP: 6/6
   468 | D:1      | Reached skill level 2 in Conjurations
   774 | D:2      | Noticed Terence
   785 | D:2      | Killed from afar by Terence

Illustrated notes

Levels and vault maps discovered:
D:1:      wander_arrival_fairy_ring, layout_basic,
          minmay_misc_feat_secret_circle, serial_bayou_lagoon_b
D:2:      layout_rooms, uniq_terence

Skill      XL: |  1  2 |
---------------+-------+-----
Conjurations   | 2 |  2.2
Dodging        | |  1.7
Stealth        | |  1.7
Spellcasting   | |  3.2
Summonings     | |  1.0
Translocations | |  0.8

Action                   || total
-------------------------++-------
 Fire: Hunting sling     ||    39
 Cast: Magic Dart        ||    11
Armor: Robe              ||     4
Dodge: Dodged            ||    11

Table legend: (Time is in decaauts)
 A = Elapsed time spent in this place.
 B = Non-inter-level travel time spent in this place.
 C = Inter-level travel time spent in this place.
 D = Time resting spent in this place.
 E = Time spent auto-exploring this place.
 F = Levels seen in this place.
 G = Mean time per level.
                   A        B        C        D        E       F      G
               +--------+--------+--------+--------+--------+-----+--------+
         Total |    813 |    793 |     20 |     67 |    595 |   2 |  406.5 |
       Dungeon |    813 |    793 |     20 |     67 |    595 |   2 |  406.5 |
               +--------+--------+--------+--------+--------+-----+--------+

Top non-repeatable levels by time:
     D:1: 728 daAuts
     D:2: 84 daAuts

Table legend:
 A = Kills in this place as a percentage of kills in entire the game.
 B = Kills by you in this place as a percentage of kills by you in the entire game.
 C = Kills by friends in this place as a percentage of kills by friends in the entire game.
 D = Other kills in this place as a percentage of other kills in the entire game.
 E = Experience gained in this place as a percentage of experience gained in the entire game.
 F = Experience gained in this place divided by the number of levels of this place that you have seen.
                   A       B       C       D       E      F
               +-------+-------+-------+-------+-------+----------------------
         Total | 100.0 | 100.0 |   N/A |   N/A | 100.0 |  13.0
       Dungeon | 100.0 | 100.0 |   N/A |   N/A | 100.0 |  13.0
               +-------+-------+-------+-------+-------+----------------------
